 Dungeon Crawl Stone Soup version 0.30-a0-862-g1aabd4f9c5 (webtiles) character file.

Game seed: 15197068026798363459

58 cforsyth the Magician (level 3, -2/19 HPs)
             Began as a Deep Elf Earth Elementalist on Mar 8, 2023.
             Killed by nerve-wracking pain
             ... invoked by an orc priest
              (9 damage)
             ... on level 3 of the Dungeon.
             The game lasted 00:02:33 (2625 turns).

cforsyth the Magician (Deep Elf Earth Elementalist) Turns: 2625, Time: 00:02:34

Health: -2/19      AC:  2    Str:  5    XL:     3   Next: 76%
Magic:  5/11       EV: 12    Int: 21    God:
Gold:   130        SH:  0    Dex: 15    Spells: 10/11 levels left

rFire   . . .      SeeInvis .    (no weapon)
rCold   . . .      Faith    .    (no shield)
rNeg    . . .      Spirit   .    a - +0 robe
rPois   .          Reflect  .    (no helmet)
rElec   .          Rampage  .    (no cloak)
rCorr   .                        (no gloves)
Will    .....                    (no boots)
Stlth   ++                       (no amulet)
HPRegen 0.23/turn                (no ring)
MPRegen 0.12/turn                (no ring)

@: no status effects
A: no striking features
a: no special abilities


You were on level 3 of the Dungeon.
You visited 1 branch of the dungeon, and saw 3 of its levels.

You collected 130 gold pieces.

Inventory:

Armour
 a - a +0 robe (worn)
Jewellery
 c - a +6 ring of dexterity
 g - a ring of resist corrosion
 h - a ring of protection from cold
 j - a +6 ring of strength
Scrolls
 d - 2 scrolls of identify {unknown}
 e - 2 scrolls of brand weapon {unknown}
 i - 3 scrolls of teleportation {unknown}
 k - a scroll of amnesia {unknown}
 o - a scroll of fear {unknown}
Potions
 b - a potion of magic
 f - 3 potions of haste {unknown}
 l - a potion of flight {unknown}
 m - a potion of brilliance {unknown}
 n - a potion of attraction {unknown}
 p - a potion of cancellation {unknown}
 q - a potion of mutation {unknown}


   Skills:
 - Level 2.4 Dodging
 - Level 2.4 Stealth
 + Level 4.5 Spellcasting
 - Level 1.1 Transmutations
 + Level 4.3 Earth Magic


You had 10 spell levels left.
You knew the following spells:

 Your Spells              Type           Power      Damage    Failure   Level
a - Sandblast             Erth           46%        2d11      1%          1

Your spell library contained the following spells:

 Spells                   Type           Power      Damage    Failure   Level
 Passwall                 Tmut/Erth      13%        N/A       5%          2
 Stone Arrow              Conj/Erth      26%        3d8       14%         3
 Petrify                  Tmut/Erth      16%        N/A       36%         4
 Olgreb's Toxic Radiance  Pois           4%         N/A       75%         4
 Ozocubu's Refrigeration  Ice            2%         4d7       100%        7
 Ignition                 Fire           2%         3d3       100%        8


Dungeon Overview and Level Annotations

Branches:
Dungeon (3/15)

Altars:
Trog


Message History

The ball python barely misses you. The ball python constricts you.
The ball python bites you. The ball python constricts you.
The blast of sand hits the ball python!
You kill the ball python!
The orc hits you but does no damage.
The blast of sand hits the orc!
The orc is almost dead.
The orc priest invokes the aid of Beogh against you.
Beogh smites you!
Ouch! That really hurt!
You are too injured to fight recklessly!
You are too injured to fight recklessly!
Unknown command.
The orc attacks as you move away! The orc closely misses you.
Unknown command.
Casting: Sandblast (safe; 1% risk of failure)
Confirm with . or Enter, or press ? or * to list all spells.
Aiming: Sandblast (safe; 1% risk of failure)
Press: ? - help, Shift-Dir - straight line, f/p - orc
Aim: an orc, wielding a +0 hand axe and wearing a +0 chain mail (almost dead, 87% to hit)
The blast of sand hits the orc.
You kill the orc!
The orc priest looks satisfied for a moment.
Casting: Sandblast (safe; 1% risk of failure)
Confirm with . or Enter, or press ? or * to list all spells.
Aiming: Sandblast (safe; 1% risk of failure)
Press: ? - help, Shift-Dir - straight line, f - orc priest
Aim: an orc priest, wielding a +0 short sword and wearing a +0 leather armour (83% to hit)
The blast of sand hits the orc priest!
The orc priest is severely wounded.
Casting: Sandblast (safe; 1% risk of failure)
Confirm with . or Enter, or press ? or * to list all spells.
Aiming: Sandblast (safe; 1% risk of failure)
Press: ? - help, Shift-Dir - straight line, f/p - orc priest
Aim: an orc priest, wielding a +0 short sword and wearing a +0 leather armour (severely wounded, 83% to hit)
The blast of sand hits the orc priest but does no damage.
The orc priest is severely wounded.
The orc priest invokes the aid of Beogh against you.
Pain shoots through your body!
You die...

#.###.# #....................
####.....####)........##.#.######
...########.......######.#.# #
.....#### #......## #+#.# #
........# #......# ..# #
......).# #[.....## ..# #
###.....# ######..## ...######
#.......# #.oo# .........
..#....## #@#†# ###### .##[.###
#.#o# .##..###########.#o.
###..............##..
#.#.#.############ ... .##.(.#
..?. #.#..## ..... #.#..# .##..#


You could see an orc priest and an orc.

Vanquished Creatures
  An adder (D:2)
  A worm (D:3)
  A dart slug (D:2)
  4 orcs (D:3)
  5 endoplasms
  3 giant cockroaches (D:1)
  7 goblins
  3 hobgoblins
  A kobold (D:1)
  A quokka (D:2)
  4 ball pythons
  3 frilled lizards
  2 rats (D:1)
36 creatures vanquished.

Vanquished Creatures (others)
  A wizard (D:3)
1 creature vanquished.

Grand Total: 37 creatures vanquished

Notes
Turn   | Place    | Note
-------+----------+-------------------------------------------
     0 | D:1      | cforsyth the Deep Elf Earth Elementalist began the quest
                  | for the Orb.
     0 | D:1      | Reached XP level 1. HP: 10/10 MP: 6/6
   640 | D:1      | Reached XP level 2. HP: 15/15 MP: 5/8
  1478 | D:2      | Reached XP level 3. HP: 19/19 MP: 5/10
  2071 | D:3      | Found a bloodstained altar of Trog.
  2072 | D:3      | Noticed a wizard
  2077 | D:3      | Killed a wizard
  2625 | D:3      | Killed from afar by an orc priest

Illustrated notes

Levels and vault maps discovered:
D:1:      ebering_hopf_link, layout_basic
D:2:      layout_rooms
D:3:      layout_basic, trog_wizard, overflow_temple_1_default,
          guppyfry_early_orc_mine

Skill      XL: |  1  2 |
---------------+-------+-----
Spellcasting   | 4 |  4.5
Earth Magic    | 4 |  4.3
Dodging        | |  2.4
Stealth        | |  2.4
Transmutations | |  1.1

Action                     || total
---------------------------++-------
  Melee: Unarmed           ||     1
   Cast: Sandblast         ||    63
 Armour: Robe              ||     4
  Dodge: Dodged            ||    15

Table legend: (Time is in decaauts)
 A = Elapsed time spent in this place.
 B = Non-inter-level travel time spent in this place.
 C = Inter-level travel time spent in this place.
 D = Time resting spent in this place.
 E = Time spent auto-exploring this place.
 F = Levels seen in this place.
 G = Mean time per level.
                   A        B        C        D        E       F      G
               +--------+--------+--------+--------+--------+-----+--------+
         Total |   2655 |   2612 |     43 |    322 |   2000 |   3 |  885.0 |
       Dungeon |   2655 |   2612 |     43 |    322 |   2000 |   3 |  885.0 |
               +--------+--------+--------+--------+--------+-----+--------+

Top non-repeatable levels by time:
     D:1: 1301 daAuts
     D:3: 833 daAuts
     D:2: 521 daAuts
